 Dungeon Crawl Stone Soup version 0.25-b1-37-g2669288c55 (webtiles) character file.

Game seed: 9325547388582680121

10203 Lobotomite the Cleaver (level 11, -1/97 HPs)
             Began as a Deep Dwarf Fighter on June 4, 2020.
             Was an Elder of the Shining One.
             Slain by Urug
             ... wielding a +1 vorpal double sword
              (3 damage)
             ... on level 10 of the Dungeon.
             The game lasted 00:56:53 (8594 turns).

Lobotomite the Cleaver (Deep Dwarf Fighter)         Turns: 8594, Time: 00:57:01

Health: -1/97      AC: 21    Str: 30    XL:     11   Next: 33%
Magic:  4/4        EV:  9    Int:  8    God:    the Shining One [****..]
Gold:   448        SH: 17    Dex: 12    Spells: 10/10 levels left

rFire    . . .     SeeInvis .   Q - +3 hand axe (freeze)
rCold    + . .     Gourm    .   M - +0 kite shield
rNeg     + + .     Faith    .   H - +7 scale mail of the Cockroach {rElec rC+}
rPois    .         Spirit   .   d - +1 hat
rElec    +         Reflect  +   (no cloak)
rCorr    .         Harm     .   (no gloves)
MR       +....                  S - +0 pair of boots
Stlth    ..........             W - amulet of reflection
HPRegen  0.00/turn              p - +4 ring of protection
MPRegen  0.09/turn              K - +6 ring of strength

@: non-regenerating, glowing
A: damage resistance, heal wounds, sense surroundings 2, no regeneration
a: Heal Wounds, Divine Shield, Cleansing Flame, Renounce Religion


You were on level 10 of the Dungeon.
You worshipped the Shining One.
The Shining One was greatly pleased with you.
You were not hungry.

You visited 1 branch of the dungeon, and saw 10 of its levels.

You collected 706 gold pieces.
You spent 258 gold pieces at shops.

Inventory:

Hand Weapons
 a - a +0 war axe
 C - a +1 mace of protection
 Q - a +3 hand axe of freezing (weapon)
 X - a +2 halberd of flaming
Missiles
 h - 58 poisoned darts (quivered)
 D - 4 boomerangs
Armour
 b - a +0 scale mail
 c - a +0 kite shield
 d - a +1 hat (worn)
 k - a +0 chain mail
 H - the +7 scale mail of the Cockroach (worn) {rElec rC+}
   (You found it on level 4 of the Dungeon)

   It protects you from cold.
   It insulates you from electricity.
 M - a +0 kite shield (worn)
 P - the +1 ring mail of Chimes {*Slow Regen+ Str+7}
   (You found it on level 6 of the Dungeon)

   It affects your strength (+7).
   It increases your rate of regeneration.
   It may slow you when you take damage.
 S - a +0 pair of boots (worn)
 V - +0 acid dragon scales
Jewellery
 p - a +4 ring of protection (left hand)
 B - a +6 ring of intelligence
 E - an uncursed ring of fire
 K - a +6 ring of strength (right hand)
 L - an uncursed ring of resist corrosion
 N - an uncursed ring of see invisible
 T - an uncursed ring of magical power
 U - an uncursed ring of protection from fire
 W - an amulet of reflection (around neck)
Wands
 z - a wand of enslavement (10)
 J - a wand of paralysis (5)
Scrolls
 e - 3 scrolls of identify
 g - a scroll of remove curse
 j - 7 scrolls of teleportation
 m - a scroll of immolation {unknown}
 n - 4 scrolls of fog
 r - a scroll of enchant weapon
 t - 2 scrolls of blinking {unknown}
 u - a scroll of fear {unknown}
 v - 2 scrolls of amnesia {unknown}
 x - a scroll of noise {unknown}
 y - 3 scrolls of magic mapping
 R - a scroll of enchant armour {unknown}
Potions
 i - 4 potions of brilliance {unknown}
 l - 2 potions of flight {unknown}
 o - 4 potions of heal wounds {unknown}
 q - 7 potions of curing
 s - 3 potions of lignification {unknown}
 w - a potion of haste {unknown}
 A - a potion of mutation {unknown}
 F - a potion of invisibility {unknown}
 G - a potion of degeneration {unknown}
 I - a potion of stabbing {unknown}
 Y - a potion of resistance {unknown}
Comestibles
 f - 24 rations
 O - 12 chunks of flesh


   Skills:
 + Level 6.1 Fighting
 * Level 11.7(12.7) Axes
 - Level 7.8(10.4) Maces & Flails
 + Level 2.3 Throwing
 + Level 7.6 Armour
 - Level 1.5 Dodging
 - Level 0.8 Stealth
 + Level 9.1 Shields


You had 10 spell levels left.
You didn't know any spells.
Your spell library contained the following spells:

 Spells                   Type           Power        Failure   Level  Hunger
 Beastly Appendage        Tmut           #.....       87%         1    ##.....
 Magic Dart               Conj           #...         87%         1    ##.....
 Searing Ray              Conj           #.....       95%         2    ###....
 Sticks to Snakes         Tmut           #.......     95%         2    ###....
 Dazzling Flash           Conj/Hex       #.....       99%         3    ####...
 Spider Form              Tmut/Pois      #.........   99%         3    ####...
 Fulminant Prism          Conj/Hex       #.........   100%        4    #####..
 Ice Form                 Ice/Tmut       #.......     100%        4    #####..
 Iskenderun's Mystic Bla  Conj/Tloc      #.......     100%        4    #####..
 Blade Hands              Tmut           #.........   100%        5    ######.


Dungeon Overview and Level Annotations

Branches:
Dungeon (10/15)            Temple (0/1) D:7            Lair (0/6) D:8
    Orc: D:9-12

Altars:
Ashenzari
Cheibriados
Elyvilon
Nemelex Xobeh
Okawaru
Qazlal
Zin
The Shining One

Shops:
D:5 ((%[   D:7 :

Annotations:
D:10 Snorg, Urug


Innate Abilities, Weirdness & Mutations

You are resistant to damage.
You can heal yourself by infusing magical energy.
You passively map the area around you.
You do not regenerate.


Message History

You block Urug's attack.
You hit Urug. You freeze Urug.
Urug is lightly wounded.
You hit Snorg. You freeze Snorg. You block Urug's attack. Snorg bites you.
Snorg claws you. You block Snorg's attack.
You hit Urug but do no damage.
Urug is lightly wounded.
You slash Snorg! You freeze Snorg. You block Urug's attack.
You hit Urug but do no damage.
Urug is lightly wounded.
You hit Snorg. You freeze Snorg. You block Snorg's attack. x2
Snorg claws you!
* * * LOW HITPOINT WARNING * * *
You hit Urug. You freeze Urug.
Urug is lightly wounded.
You hit Snorg. You freeze Snorg.
Urug squints and says, "You're the ugliest harpy I ever saw."
Urug hits you with a +1 vorpal double sword!!
* * * LOW HITPOINT WARNING * * *
You die...

..#######...............#######..
...............##...(...#########
.................(..............
.................(..............,
.................(..............
......... #.....(....o.T........
......... #......######.........
######### #....To# #.........
#.....@# #......... #....:.#
#........., #......# ##########
########


You could see Snorg and Urug.

Vanquished Creatures
  Gastronok (D:10)
  A two-headed ogre (D:9)
  2 unseen horrors (D:10)
  A cyclops (D:10)
  Joseph (D:8)
  Maggie (D:8)
  Maurice (D:9)
  A troll (D:9)
  A yak (D:9)
  A water moccasin (D:10)
  7 orc warriors
  4 black bears
  A phantom (D:9)
  9 ogres
  6 centaurs
  5 bullfrogs
  A wyvern zombie (D:8)
  4 scorpions
  10 killer bees
  2 wights (D:9)
  3 crimson imps
  A howler monkey (D:4)
  A bullfrog zombie (D:4)
  5 hounds
  3 jellies
  A centaur skeleton (D:8)
  8 orc wizards
  3 bullfrog skeletons
  9 orc priests
  3 iguanas
  9 worker ants
  A killer bee zombie (D:6)
  2 worker ant zombies
  13 gnolls
  12 adders
  An ooze (D:1)
  2 worms (D:3)
  2 dart slugs
  3 leopard geckos
  29 orcs
  7 bats
  7 giant cockroaches
  5 goblins
  5 hobgoblins
  10 jackals
  14 kobolds
  4 quokkas
  A ball python (D:4)
  4 frilled lizards
  A giant cockroach zombie (D:3)
  2 quokka skeletons
  A quokka zombie (D:9)
  5 rats
237 creatures vanquished.

Notes
Turn   | Place    | Note
-------+----------+-------------------------------------------
     0 | D:1      | Lobotomite the Deep Dwarf Fighter began the quest for the
                  | Orb.
     0 | D:1      | Reached XP level 1. HP: 20/20 MP: 1/1
   186 | D:1      | Reached XP level 2. HP: 27/27 MP: 2/2
   819 | D:2      | Found a stormy altar of Qazlal.
   819 | D:2      | Noticed an air elemental
   854 | D:2      | Reached XP level 3. HP: 25/34 MP: 3/3
  1021 | D:2      | Noticed an earth elemental
  1022 | D:2      | Noticed a water elemental
  1022 | D:2      | Noticed a fire elemental
  1429 | D:3      | Reached skill level 3 in Axes
  1440 | D:3      | Found a sparkling altar of Nemelex Xobeh.
  1443 | D:3      | Found a glowing silver altar of Zin.
  1444 | D:3      | Found a glowing golden altar of the Shining One.
  1445 | D:3      | Found a white marble altar of Elyvilon.
  1446 | D:3      | Found a stormy altar of Qazlal.
  1461 | D:3      | Reached XP level 4. HP: 22/42 MP: 4/4
  1524 | D:3      | Became a worshipper of the Shining One
  1582 | D:3      | Reached XP level 5. HP: 43/49 MP: 5/5
  1629 | D:3      | Found an iron altar of Okawaru.
  2208 | D:3      | Found a faded altar of an unknown god.
  2386 | D:4      | Reached skill level 4 in Axes
  2386 | D:4      | Reached skill level 1 in Dodging
  2411 | D:4      | Reached * piety under the Shining One
  2438 | D:4      | Reached XP level 6. HP: 36/56 MP: 6/6
  2484 | D:4      | Reached skill level 5 in Axes
  2604 | D:4      | Got a distressingly furry scale mail
  2615 | D:4      | Identified the +7 scale mail of the Cockroach {rElec rC+}
                  | (You found it on level 4 of the Dungeon)
  2770 | D:4      | Reached skill level 1 in Maces & Flails
  2922 | D:4      | Reached XP level 7. HP: 38/63 MP: 7/7
  3132 | D:5      | Entered Level 5 of the Dungeon
  3132 | D:5      | Found Itoc's Weapon Shop.
  3362 | D:5      | Found Fiargh's Food Shoppe.
  3365 | D:5      | Bought a ration for 70 gold pieces
  3467 | D:5      | Found Xaduroz's Antique Weapon Shoppe.
  3490 | D:5      | Bought a glowing war axe for 188 gold pieces
  3582 | D:5      | Found Dazaot Keost's Antique Armour Shoppe.
  3764 | D:5      | Reached skill level 5 in Shields
  4146 | D:6      | Reached skill level 5 in Armour
  4157 | D:6      | Reached XP level 8. HP: 41/72 MP: 7/7
  4271 | D:6      | Reached skill level 5 in Maces & Flails
  4299 | D:6      | Reached ** piety under the Shining One
  4364 | D:6      | Got a scorched ring mail
  5237 | D:7      | Found a shattered altar of Ashenzari.
  5371 | D:7      | Gained mutation: You passively map the area around you.
                  | [Deep Dwarf growth]
  5371 | D:7      | Reached XP level 9. HP: 41/79 MP: 8/8
  5521 | D:7      | Reached skill level 1 in Throwing
  5667 | D:7      | Found a snail-covered altar of Cheibriados.
  5720 | D:7      | Found Ydwov's Book Shoppe.
  5995 | D:7      | Found a staircase to the Ecumenical Temple.
  6094 | D:8      | Identified the +1 ring mail of Chimes {*Slow Regen+ Str+7}
                  | (You found it on level 6 of the Dungeon)
  6108 | D:8      | Found a staircase to the Lair.
  6108 | D:8      | Noticed Maggie
  6109 | D:8      | Noticed Joseph
  6161 | D:8      | Killed Joseph
  6161 | D:8      | Reached skill level 6 in Axes
  6178 | D:8      | Killed Maggie
  6178 | D:8      | Reached skill level 7 in Axes
  6616 | D:8      | Reached skill level 5 in Fighting
  6621 | D:8      | Reached skill level 8 in Axes
  6661 | D:8      | Reached *** piety under the Shining One
  7201 | D:9      | Noticed Maurice
  7205 | D:9      | Reached XP level 10. HP: 70/88 MP: 6/6
  7220 | D:9      | Killed Maurice
  7239 | D:9      | Reached skill level 9 in Axes
  7819 | D:9      | Noticed a two-headed ogre
  7841 | D:9      | Killed a two-headed ogre
  7841 | D:9      | Reached skill level 10 in Axes
  8209 | D:10     | Entered Level 10 of the Dungeon
  8209 | D:10     | Noticed Gastronok
  8209 | D:10     | Noticed an unseen horror
  8210 | D:10     | Noticed a cyclops
  8221 | D:10     | Killed an unseen horror
  8228 | D:10     | Killed a cyclops
  8248 | D:10     | Killed Gastronok
  8248 | D:10     | Reached skill level 11 in Axes
  8248 | D:10     | Reached XP level 11. HP: 42/97 MP: 6/6
  8325 | D:10     | Noticed an unseen horror
  8345 | D:10     | Killed an unseen horror
  8427 | D:10     | Reached **** piety under the Shining One
  8564 | D:10     | Noticed Urug
  8572 | D:10     | Noticed Snorg
  8594 | D:10     | HP: 2/97 [Urug/+1 vorpal double sword (21)]
  8594 | D:10     | Slain by Urug

Illustrated notes

Levels and vault maps discovered:
D:1:      dpeg_arrival_arbitrary_b, layout_basic, serial_curves, eino_curves_04,
          eino_curves_04, minmay_3d_cube
D:2:      layout_rooms, serial_bayou, serial_bayou_lagoon_b,
          serial_bayou_crossing, serial_bayou_ford_a, serial_bayou_lake_a,
          nicolae_qazlal_style_of_elements
D:3:      layout_basic, grunt_temple_overflow_open,
          nicolae_overflow_crystal_walls, chequers_ecumenical_altar_grove,
          minivault_5, chequers_serial_rivers_room_b
D:4:      layout_loops_cross, first_ration
D:5:      layout_cave_pods, serial_shops, kennysheep_mini_moat, shop_coins,
          nicolae_shop_crystal, shop
D:6:      layout_basic, enter_ossuary_5, kennysheep_generic_room_14
D:7:      layout_loops_ring, kennysheep_mini, lemuel_temple_firewalk_b,
          serial_shops, shop_statue, cheibrodos_ashenzari_chains
D:8:      layout_basic, lair_entry_dummy, grunt_ogre_cave, uniq_maggie,
          uniq_joseph
D:9:      layout_loops_ring, enter_bailey_2, kennysheep_kite_vault, uniq_maurice
D:10:     minmay_polygon_palace, layout_basic, uniq_snorg, uniq_gastronok,
          uniq_erolcha, uniq_urug

Skill      XL: |  1  2  3  4  5  6  7  8  9 10 11 |
---------------+----------------------------------+-----
Fighting       | 3 4 5 6 |  6.1
Axes           | 3 4 5 8 11 | 11.7
Armour         | 4 5 6 7 |  7.6
Shields        | 4 5 6 8 9 |  9.1
Dodging        | 1 |  1.5
Maces & Flails | 2 4 7 |  7.8
Throwing       | 1 2 |  2.3
Stealth        | |  0.8

Action                   |  1- 3 |  4- 6 |  7- 9 | 10-12 || total
-------------------------+-------+-------+-------+-------++-------
Melee: War axe           |   158 |   100 |       |       ||   258
       Mace              |       |    44 |   253 |       ||   297
       Hand axe          |       |       |   179 |   229 ||   408
Throw: Dart              |     5 |       |    22 |     4 ||    31
 Abil: Heal Wounds       |     1 |     4 |    11 |     7 ||    23
  Use: Scroll            |       |     3 |    12 |       ||    15
       Potion            |       |       |       |     1 ||     1
  Eat: Chunk             |     2 |     5 |    11 |     5 ||    23
       Ration            |       |       |     1 |       ||     1
Armor: Scale mail        |   107 |    62 |   151 |    49 ||   369
Dodge: Dodged            |    60 |    54 |   123 |    48 ||   285
Block: Kite shield       |   127 |    77 |   248 |   149 ||   601
       Reflection        |       |       |     1 |    11 ||    12
